 Dungeon Crawl Stone Soup version 0.28.0-53-g5a82cb258f (console) character file.

Game seed: 7808431333268501276

30 erker the Sneak (level 3, -1/21 HPs)
             Began as an Octopode Earth Elementalist on July 30, 2022.
             Slain by an adder (3 damage)
             ... on level 1 of the Dungeon.
             The game lasted 00:02:51 (870 turns).

erker the Sneak (Octopode Earth Elementalist)        Turns: 870, Time: 00:02:52

Health: -1/21      AC:  3    Str:  7    XL:     3   Next: 20%
Magic:  3/6        EV: 13    Int: 19    God:
Gold:   19         SH:  0    Dex: 12    Spells: 3/6 levels left

rFire   . . .      SeeInvis .   a - +0 dagger
rCold   . . .      Faith    .   (no shield)
rNeg    . . .      Spirit   .   e - +2 hat
rPois   .          Reflect  .   (no amulet)
rElec   .          Harm     .   (no ring)
rCorr   .          Rampage  .   (no ring)
Will    .....                   (no ring)
Stlth   +++.......              (no ring)
HPRegen 0.07/turn               (no ring)
MPRegen 0.10/turn               (no ring)
                                (no ring)
                                (no ring)

@: no status effects
A: almost no armour, amphibious, 8 rings, camouflage 1, gelatinous body 1,
(nimble swimmer 1), tentacles
a: no special abilities


You were on level 1 of the Dungeon.
You visited 1 branch of the dungeon, and saw 2 of its levels.

You collected 19 gold pieces.

Inventory:

Hand Weapons
 a - a +0 dagger (weapon)
Missiles
 b - 26 stones
Armour
 e - a +2 hat (worn)
 f - an orb of wrath
Scrolls
 g - a scroll of amnesia {unknown}
Potions
 c - a potion of lignification {unknown}
 d - 2 potions of degeneration {unknown}


   Skills:
 + Level 1.9 Short Blades
 - Level 2.0 Dodging
 - Level 4.0 Stealth
 - Level 2.0 Spellcasting
 - Level 1.0 Transmutations
 - Level 3.0 Earth Magic


You had 3 spell levels left.
You knew the following spells:

 Your Spells              Type           Power      Damage    Failure   Level
a - Sandblast             Erth           26%        2d8       4%          1
w - Passwall              Tmut/Erth      7%         N/A       11%         2

Your spell library contained the following spells:

 Spells                   Type           Power      Damage    Failure   Level
 Stone Arrow              Conj/Erth      14%        3d7       26%         3
 Petrify                  Tmut/Erth      9%         N/A       58%         4
 Haunt                    Necr/Summ      0%         N/A       100%        7
 Malign Gateway           Summ/Tloc      0%         N/A       100%        7


Dungeon Overview and Level Annotations

Branches:
Dungeon (2/15)

Altars:


Innate Abilities, Weirdness & Mutations

You cannot wear most types of armour.
You are amphibious.
You can wear up to eight rings at the same time.
Your skin changes colour to match your surroundings (Stealth+).
Your rubbery body absorbs attacks. (AC +1, EV +1)
((You are camouflaged when in or above water. (Stealth+)))
You have tentacles for arms and can constrict up to eight enemies at once.


Message History

The rat completely misses you. The rat closely misses you.
There is a stone staircase leading up here.
The adder bites you but does no damage. The rat closely misses you.
The rat bites you. The adder bites you.
You climb upwards.
There is a stone staircase leading down here.
The adder bites you.
You are poisoned.
The adder poisons you!
You feel sick.
You feel sick.
You feel sick. The adder bites you.
* * * LOW HITPOINT WARNING * * *
You feel sick.
You are no longer poisoned.
The adder closely misses you.
Cast which spell? (? or * to list)
Aiming: Sandblast (safe; 4% risk of failure)
Press: ? - help, Shift-Dir - straight line, f - rat
Aim: a rat (79% to hit)
The blast of sand misses the adder.
The blast of sand hits the rat!
You kill the rat!
The adder barely misses you.
Casting: Sandblast (safe; 4% risk of failure)
Confirm with . or Enter, or press ? or * to list all spells.
Aiming: Sandblast (safe; 4% risk of failure)
Press: ? - help, Shift-Dir - straight line, f - adder
Aim: an adder (66% to hit)
The blast of sand misses the adder.
The adder bites you.
* * * LOW HITPOINT WARNING * * *
Casting: Sandblast (safe; 4% risk of failure)
Confirm with . or Enter, or press ? or * to list all spells.
Aiming: Sandblast (safe; 4% risk of failure)
Press: ? - help, Shift-Dir - straight line, f - rat, p - adder
Aim: a rat (79% to hit)
The blast of sand hits the adder!
The adder is severely wounded.
The adder closely misses you. The adder bites you.
You die...

........##)# #....>.....#
..########.# #..........# .## #.#
#..........# .# #.# ##..........#
## #.# #...........######
##########.#####[...........##...
..............).r.######.........
##########.#####S## #..........
#.....#....# #@# #..>.......
#.....#....#####.######..........
.......................†.........
.............#......#####...##...
.....................## ##.######
.......#####..........# #.#
..........##..........# #.#
##..........(.........# #.#
##........##..........####.#


You could see an adder and a rat.

Vanquished Creatures
  A dart slug (D:1)
  5 endoplasms
  4 goblins (D:1)
  2 hobgoblins (D:1)
  5 kobolds (D:1)
  A quokka (D:1)
  3 ball pythons (D:1)
  A bat (D:1)
  4 rats (D:1)
26 creatures vanquished.

Vanquished Creatures (others)
  31 plants (D:1)
31 creatures vanquished.

Grand Total: 57 creatures vanquished

Notes
Turn   | Place    | Note
-------+----------+-------------------------------------------
     0 | D:1      | erker the Octopode Earth Elementalist began the quest for
                  | the Orb.
     0 | D:1      | Reached XP level 1. HP: 11/11 MP: 3/3
    70 | D:1      | Reached skill level 3 in Stealth
   288 | D:1      | Reached XP level 2. HP: 17/17 MP: 5/5
   307 | D:1      | Learned a level 2 spell: Passwall
   472 | D:1      | Reached skill level 1 in Short Blades
   645 | D:1      | Reached skill level 4 in Stealth
   658 | D:1      | Reached XP level 3. HP: 21/21 MP: 6/6
   842 | D:2      | Found a faded altar of an unknown god.
   847 | D:2      | Got Pateo's Volume of Companions and the Mountains
   870 | D:1      | Slain by an adder

Illustrated notes

Levels and vault maps discovered:
D:1:      roderic_crop_circles_arrival_small, layout_rooms,
          amcnicky_mini_rare_corridor_liquid
D:2:      layout_basic, basic_altar, basic_ecumenical_altar,
          chequers_serial_rivers_room_a, st_stairs_14

Skill      XL: |  1  2 |
---------------+-------+-----
Stealth        | 3 4 |  4.0
Short Blades   | 1 |  1.9
Dodging        | |  2.0
Spellcasting   | |  2.0
Transmutations | |  1.0
Earth Magic    | |  3.0

Action                   || total
-------------------------++-------
Melee: Unarmed           ||    11
       Tentacles         ||     7
       Constrict         ||     6
       Dagger            ||    32
       Punch             ||     1
 Cast: Sandblast         ||    10
 Stab: Sleeping          ||    10
       Distracted        ||     2
Armor: Skin              ||     8
Dodge: Dodged            ||    27
